 Dungeon Crawl Stone Soup version 0.29.0-10-g45618ea6d2 (webtiles) character file.

Game seed: 13373160757072724264

147 diblex the Sneak (level 5, -1/35 HPs)
             Began as a Vampire Enchanter on Sept 1, 2022.
             Slain by an orc
             ... wielding a +2 hand axe of venom
              (2 damage)
             ... on level 3 of the Dungeon.
             The game lasted 00:14:29 (2523 turns).

diblex the Sneak (Vampire Enchanter)                Turns: 2523, Time: 00:14:30

Health: -1/35      AC:  8    Str:  7    XL:     5   Next: 8%
Magic:  2/9        EV: 12    Int: 20    God:
Gold:   112        SH:  5    Dex: 14    Spells: 5/10 levels left

rFire   . . .      SeeInvis +   a - +1 dagger
rCold   + . .      Faith    .   l - +2 buckler
rNeg    . . .      Spirit   .   b - +0 robe
rPois   .          Reflect  .   f - +0 helmet
rElec   .          Harm     .   w - +0 cloak {Will+}
rCorr   .          Rampage  .   (no gloves)
Will    +....                   (no boots)
Stlth   +++.......              (no amulet)
HPRegen 0.31/turn               n - +4 ring of protection
MPRegen 0.11/turn               r - ring of protection from cold

@: lethally poisoned (-1 -> -6), attractive, healing quickly
A: alive, fangs 3, see invisible, vampiric 2
a: Exsanguinate


You were on level 3 of the Dungeon.
You visited 1 branch of the dungeon, and saw 3 of its levels.

You collected 112 gold pieces.

Inventory:

Hand Weapons
 a - a +1 dagger (weapon)
Armour
 b - a +0 robe (worn)
 f - a +0 helmet (worn)
 l - a +2 buckler (worn)
 u - a scarf of shadows
 w - a +0 cloak of willpower (worn)
Jewellery
 n - a +4 ring of protection (left hand)
 r - a ring of protection from cold (right hand)
Wands
 x - a wand of roots (11)
Scrolls
 d - 4 scrolls of identify {unknown}
 e - a scroll of enchant armour {unknown}
 g - a scroll of fog {unknown}
 h - 2 scrolls of blinking {unknown}
 i - a scroll of immolation {unknown}
 j - a scroll of amnesia {unknown}
 o - a scroll of magic mapping {unknown}
 p - a scroll of enchant weapon {unknown}
 s - 2 scrolls of teleportation {unknown}
Potions
 c - 2 potions of invisibility
 k - 2 potions of attraction
 m - a potion of curing {unknown}
 q - a potion of mutation {unknown}
 t - a potion of flight {unknown}
 v - a potion of brilliance {unknown}


   Skills:
 - Level 1.1 Short Blades
 - Level 2.1 Dodging
 + Level 6.2 Stealth
 + Level 3.1 Spellcasting
 + Level 5.9 Hexes
 - Level 1.0 Ice Magic


You had 5 spell levels left.
You knew the following spells:

 Your Spells              Type           Power      Damage    Failure   Level
a - Ensorcelled Hibernat  Hex/Ice        34%        N/A       7%          2
b - Tukima's Dance        Hex            27%        N/A       4%          3

Your spell library contained the following spells:

 Spells                   Type           Power      Damage    Failure   Level
 Confusing Touch          Hex            27%        N/A       4%          3
 Dazzling Flash           Conj/Hex       30%        N/A       17%         3
 Sting                    Tmut/Pois      12%        1d3       19%         1
 Poisonous Vapours        Pois/Air       6%         N/A       28%         2
 Fulminant Prism          Conj/Hex       7%         3d7       50%         4
 Iskenderun's Mystic Bla  Conj/Tloc      3%         2d3       88%         4
 Olgreb's Toxic Radiance  Pois           3%         N/A       88%         4
 Lee's Rapid Deconstruct  Erth           1%         3d5*      99%         5


Dungeon Overview and Level Annotations

Branches:
Dungeon (3/15)

Altars:

Annotations:
D:3 1 runed translucent door, Werew's ghost, amateur GnWn


Innate Abilities, Weirdness & Mutations

Your natural rate of healing is accelerated.
You have razor-sharp teeth.
You have supernaturally acute eyesight. (SInv)
You are afflicted with vampirism and can become a bat while bloodless.


Message History

You hit the orc wizard but do no damage.
The orc wizard is almost dead.
You block the orc wizard's attack.
You closely miss the orc wizard. You bite the orc wizard.
The orc wizard is almost dead.
The orc wizard hits you with a +0 dagger.
You barely miss the orc wizard.
The orc wizard is almost dead.
The orc wizard hits you but does no damage.
You hit the orc wizard.
You kill the orc wizard!
You have reached level 5!
You feel clever.
Casting: Tukima's Dance (dangerous; 4% risk of failure)
Confirm with . or Enter, or press ? or * to list all spells.
Aiming: Tukima's Dance (dangerous; 4% risk of failure)
Press: ? - help, Shift-Dir - straight line, f - orc
Aim: an orc, wielding a +2 hand axe of venom (chance to affect: 74%)
The orc struggles to resist.
The orc barely misses you. The orc attacks as you move away!
The orc hits you with a +2 hand axe of venom.
You are poisoned.
You feel very sick.
The adder hisses angrily.
You feel very sick.
You feel sick. The orc attacks as you move away!
The orc hits you but does no damage.
You are more poisoned.
You feel very sick. The orc attacks as you move away!
You block the orc's attack.
* * * LOW HITPOINT WARNING * * *
You feel sick. The orc attacks as you move away!
The orc hits you with a +2 hand axe of venom.
* * * LOW HITPOINT WARNING * * *
x2 You feel sick.
It was a potion of attraction.
You feel attractive to monsters.
* * * LOW HITPOINT WARNING * * *
You feel sick.
The orc hits you with a +2 hand axe of venom.
You die...

.....#.#.#.#.# #S##.#.##.# .
....##.#.#.#.###S#..#....# .o
....##.#.#.#...#S#..#.##.# ..g
....##.#.......#+#.##.# ....o
###....#...........##.# .....
..######.#.....#.o.##.##......
#..###....####.#o#.......# #
...#.........#.#o####o##.#
...#.#.#.###.#.#@# #.# #
...........#.#.#.# #.#
...#..####.#.#...# #o# #
......# #.#.##### #)#.#
.###.#####.#.# ######)#.##.##
..##.......#.# #....)[...o.o.
...#########.###.####.#.# #.
........####...#.# #.#.# #.
......#......#.#.####.# . #.


You could see 2 adders and 3 orcs.

Vanquished Creatures
  Crazy Yiuf (D:3)
  2 orc wizards (D:3)
  An adder (D:3)
  A dart slug (D:1)
  3 orcs (D:3)
  3 endoplasms
  2 giant cockroaches (D:1)
  4 goblins
  5 hobgoblins
  3 kobolds
  3 quokkas
  11 ball pythons
  5 bats
  4 frilled lizards
  5 rats
53 creatures vanquished.

Vanquished Creatures (collateral kills)
  An orc (D:3)
1 creature vanquished.

Vanquished Creatures (others)
  35 plants (D:3)
35 creatures vanquished.

Grand Total: 89 creatures vanquished

Notes
Turn   | Place    | Note
-------+----------+-------------------------------------------
     0 | D:1      | diblex the Vampire Enchanter began the quest for the Orb.
     0 | D:1      | Reached XP level 1. HP: 13/13 MP: 3/3
   446 | D:1      | Reached XP level 2. HP: 18/19 MP: 5/5
   462 | D:1      | Learned a level 2 spell: Ensorcelled Hibernation
   813 | D:1      | Reached skill level 5 in Stealth
  1032 | D:2      | Reached skill level 5 in Hexes
  1095 | D:2      | Gained mutation: You are afflicted with vampirism and can
                  | become a bat while bloodless. [Vampire growth]
  1095 | D:2      | Reached XP level 3. HP: 24/24 MP: 6/6
  1105 | D:2      | Learned a level 3 spell: Tukima's Dance
  1674 | D:3      | Reached skill level 1 in Ice Magic
  1840 | D:3      | Found a runed translucent door.
  1965 | D:3      | Noticed Werew's ghost (amateur GnWn)
  2034 | D:3      | Found a runed translucent door.
  2035 | D:3      | Noticed Crazy Yiuf
  2042 | D:3      | Killed Crazy Yiuf
  2043 | D:3      | Reached XP level 4. HP: 30/30 MP: 4/8
  2492 | D:3      | Reached skill level 6 in Stealth
  2511 | D:3      | Reached XP level 5. HP: 22/35 MP: 3/9
  2523 | D:3      | HP: 1/35 [poisoned by an orc]
  2523 | D:3      | Slain by an orc

Illustrated notes

Levels and vault maps discovered:
D:1:      spicycebolla_arrival_ecumenical, layout_basic, minmay_distorted
D:2:      layout_loops_cross
D:3:      layout_basic, kennysheep_orc_sif_temple, lemuel_round_altar,
          grunt_dithmenos_smoke, ebering_ghost_sewer_d,
          kennysheep_decorative_pillar, serial_bayou_lagoon_a,
          uniq_crazy_yiuf_cottage

Skill      XL: |  1  2  3  4 |
---------------+-------------+-----
Stealth        | 5 6 |  6.2
Hexes          | 5 |  5.9
Ice Magic      | 1 |  1.0
Spellcasting   | 3 |  3.1
Short Blades   | |  1.1
Dodging        | |  2.1

Action                   |  1- 3 |  4- 6 || total
-------------------------+-------+-------++-------
Melee: Dagger            |   128 |    49 ||   177
       Bite              |     6 |     9 ||    15
 Cast: Ensorcelled Hiber |     5 |     8 ||    13
       Tukima's Dance    |       |     2 ||     2
  Use: Potion            |       |     1 ||     1
 Stab: Sleeping          |    18 |     4 ||    22
Armor: Robe              |    33 |    17 ||    50
Dodge: Dodged            |    63 |    14 ||    77
Block: Buckler           |    17 |     9 ||    26
